AoeStats
← tom

Arabia

508217732Analyzed
1v1 RM · 11d ago on Sep 21, 2026· 33m 21s· 2 players
Game mode
Random Map
Map size
Tiny (2 player)
Population
200
Speed
Normal
Resources
Standard
Victory
Conquest
Starting age
Dark Age
Ending age
Imperial Age
RankedLock teamsTeams togetherTeam positionsShared explorationLock speedFull tech treeHidden civsTurbo modeCheats
Victory
Defeat
🇱🇻 Japanese · Latvia
722
+16
🇫🇷 Teutons · France
730
-16
tom
7:15 Loom
10:24 Feudal Age
10:31 Man-at-Arms
17:32 Arson
18:16 Scale Mail Armor
19:04 Double-Bit Axe
21:13 Forging
25:20 Castle Age
25:24 Long Swordsman
25:51 Gambesons
26:08 Squires
26:46 Iron Casting
28:24 Wheelbarrow
28:51 Chain Mail Armor
clm.lefebvre
11:16 Feudal Age
11:51 Double-Bit Axe
14:21 Horse Collar
20:29 Stone Mining
21:08 Fletching
23:11 Gold Mining
28:29 Castle Age
30:07 Stone Shaft Mining
29:32 Bodkin Arrow
29:56 Forging
Connection lost

Rejoining the realm…

Still unreachable

The connection could not be restored.

Session expired

The server has moved on; the page needs a fresh start.